SAAA
VERMONT LAKE MONSTERS @ PAWNEE PARKSNREC
09/15/2037
 
TOP OF THE 1ST
Vermont Lake Monsters batting - Pitching for Pawnee ParksNRec : LHP Jo Yamasaki
Pitching: LHP Jo Yamasaki
Batting: RHB Gabe Cain 0-0: Called Strike
0-1: Foul Ball, location: 2F
0-2: Ball
1-2: SOLO HOME RUN (Flyball, 78XD, EV 93.1 MPH), Distance : 428 ft
Batting: RHB Tim O'Brian 0-0: Swinging Strike
0-1: Ball
1-1: Ground out 5-3 (Groundball, 56, EV 103.8 MPH)
Batting: RHB Marcel Roks 0-0: Foul Ball, location: 2F
0-1: Ball
1-1: Ball
2-1: Foul Ball, location: 2F
2-2: Foul Ball, location: 2F
2-2: Ball
3-2: Foul Ball, location: 2F
3-2: SINGLE (Groundball, 56D, EV 95.0 MPH)
Batting: RHB An-te-hai Qing 0-0: Ball
1-0: Called Strike
1-1: Foul Ball, location: 2F
1-2: Strikes out looking
Batting: LHB Tullu Amaad 0-0: SINGLE (Groundball, 4MD, EV 95.6 MPH)
Marcel Roks to second
Runner from 2nd tries for 3rd, SAFE, no throw by CF
Batting: RHB Min-tae Yi 0-0: Ball
1-0: Ball
2-0: Called Strike
2-1: Foul Ball, location: 2F
2-2: Foul Ball, location: 2F
2-2: Ball
3-2: Ground out 4-3 (Groundball, 4, EV 86.9 MPH)
Top of the 1st over - 1 run, 3 hits, 0 errors, 2 left on base; Vermont 1 - Pawnee 0
BOTTOM OF THE 1ST
Pawnee ParksNRec batting - Pitching for Vermont Lake Monsters : RHP Mark Clift
Pitching: RHP Mark Clift
Batting: LHB Vance Corkum 0-0: Ball
1-0: Ball
2-0: Foul Ball, location: 2F
2-1: Ball
3-1: Foul Ball, location: 2F
3-2: Base on Balls
Batting: RHB Charles Atkinson 0-0: Called Strike
0-1: Ball
1-1: Swinging Strike
1-2: Fly out, F4 (Popup, 4M, EV 72.5 MPH)
Batting: RHB Xi-ku See-to 0-0: Ball
1-0: Fly out, F7 (Flyball, 7LM, EV 86.9 MPH)
Batting: RHB Sinclair Bothof 0-0: Called Strike
Vance Corkum steals 2nd base
0-1: Foul Ball, location: 2F
0-2: Ball
1-2: Strikes out looking
Bottom of the 1st over - 0 runs, 0 hits, 0 errors, 1 left on base; Vermont 1 - Pawnee 0
TOP OF THE 2ND
Vermont Lake Monsters batting - Pitching for Pawnee ParksNRec : LHP Jo Yamasaki
Batting: LHB Kevin de Bruyne 0-0: Ground out U3 (Groundball, 3, EV 100.0 MPH)
Batting: RHB Naganori Takahashi 0-0: Called Strike
0-1: Ground out U3 (Groundball, 34, EV 110.6 MPH)
Batting: RHB Cedric Terriquez 0-0: Called Strike
0-1: Swinging Strike
0-2: Ball
1-2: Foul Ball, location: 2F
1-2: Ball
2-2: Foul Ball, location: 2F
2-2: Fly out, F9 (Line Drive, 9D, EV 106.2 MPH)
Top of the 2nd over - 0 runs, 0 hits, 0 errors, 0 left on base; Vermont 1 - Pawnee 0
BOTTOM OF THE 2ND
Pawnee ParksNRec batting - Pitching for Vermont Lake Monsters : RHP Mark Clift
Batting: RHB Josh Mawdesley 0-0: Ball
1-0: Called Strike
1-1: Ball
2-1: Called Strike
2-2: Strikes out swinging, 2-3 out at first.
Batting: RHB Fletcher Megarity 0-0: Ball
1-0: Foul Ball, location: 2F
1-1: SOLO HOME RUN (Flyball, 7LD, EV 98.8 MPH), Distance : 342 ft
Batting: RHB Alejandro Carrillo 0-0: Ball
1-0: Foul Ball, location: 2F
1-1: Ball
2-1: Ground out 4-3 (Groundball, 34, EV 91.2 MPH)
Batting: RHB Bill Perkins 0-0: Called Strike
0-1: Foul Ball, location: 2F
0-2: Strikes out looking
Bottom of the 2nd over - 1 run, 1 hit, 0 errors, 0 left on base; Vermont 1 - Pawnee 1
TOP OF THE 3RD
Vermont Lake Monsters batting - Pitching for Pawnee ParksNRec : LHP Jo Yamasaki
Batting: RHB Gabe Cain 0-0: Ground out 2-3 (Groundball, 2L, EV 64.4 MPH)
Batting: RHB Tim O'Brian 0-0: Foul Ball, location: 2F
0-1: Ball
1-1: Fly out, F1 (Line Drive, P, EV 61.2 MPH)
Batting: RHB Marcel Roks 0-0: Fly out, F7 (Flyball, 78M, EV 87.5 MPH)
Top of the 3rd over - 0 runs, 0 hits, 0 errors, 0 left on base; Vermont 1 - Pawnee 1
BOTTOM OF THE 3RD
Pawnee ParksNRec batting - Pitching for Vermont Lake Monsters : RHP Mark Clift
Batting: RHB Roberto Aguirre 0-0: Ball
1-0: Called Strike
1-1: Fly out, F8 (Flyball, 8LXD, EV 84.4 MPH)
Batting: LHB Vance Corkum 0-0: Ball
1-0: Swinging Strike
1-1: Fly out, F9 (Flyball, 9, EV 81.2 MPH)
Batting: RHB Charles Atkinson 0-0: Foul Ball, location: 2F
0-1: Ball
1-1: Ground out 6-3 (Groundball, 56D, EV 104.4 MPH)
Bottom of the 3rd over - 0 runs, 0 hits, 0 errors, 0 left on base; Vermont 1 - Pawnee 1
TOP OF THE 4TH
Vermont Lake Monsters batting - Pitching for Pawnee ParksNRec : LHP Jo Yamasaki
Batting: RHB An-te-hai Qing 0-0: Fly out, F7 (Flyball, 7S, EV 86.9 MPH)
Batting: LHB Tullu Amaad 0-0: Ball
1-0: SINGLE (Groundball, 3D, EV 94.4 MPH)
Batting: RHB Min-tae Yi 0-0: Called Strike
0-1: Ball
1-1: Ball
2-1: Foul Ball, location: 2F
2-2: Foul Ball, location: 2F
2-2: Grounds into double play, 6-4-3 (Groundball, 6, EV 93.1 MPH)
Top of the 4th over - 0 runs, 1 hit, 0 errors, 0 left on base; Vermont 1 - Pawnee 1
BOTTOM OF THE 4TH
Pawnee ParksNRec batting - Pitching for Vermont Lake Monsters : RHP Mark Clift
Batting: RHB Xi-ku See-to 0-0: Called Strike
0-1: Called Strike
0-2: Strikes out swinging
Batting: RHB Sinclair Bothof 0-0: Called Strike
0-1: SOLO HOME RUN (Flyball, 78XD, EV 110.6 MPH), Distance : 434 ft
Batting: RHB Josh Mawdesley 0-0: Ball
1-0: Swinging Strike
1-1: Called Strike
1-2: Ball
2-2: Strikes out swinging
Batting: RHB Fletcher Megarity 0-0: Called Strike
0-1: Fly out, F3 (Line Drive, 3, EV 70.0 MPH)
Bottom of the 4th over - 1 run, 1 hit, 0 errors, 0 left on base; Vermont 1 - Pawnee 2
TOP OF THE 5TH
Vermont Lake Monsters batting - Pitching for Pawnee ParksNRec : LHP Jo Yamasaki
Batting: LHB Kevin de Bruyne 0-0: Called Strike
0-1: Called Strike
0-2: TRIPLE (Line Drive, 8RXD, EV 108.1 MPH)
Batting: RHB Naganori Takahashi 0-0: Called Strike
0-1: Ball
1-1: Foul Ball, location: 2F
1-2: Strikes out swinging
Batting: RHB Cedric Terriquez 0-0: Ball
1-0: Swinging Strike
1-1: Ball
2-1: Bunted foul
2-2: Ball
3-2: Fly out, F7 (Flyball, 78D, EV 97.5 MPH)
Runner from 3rd tags up, SCORES, no throw by LF
Batting: RHB Gabe Cain 0-0: Called Strike
0-1: Foul Ball, location: 2F
0-2: Strikes out swinging
Top of the 5th over - 1 run, 1 hit, 0 errors, 0 left on base; Vermont 2 - Pawnee 2
BOTTOM OF THE 5TH
Pawnee ParksNRec batting - Pitching for Vermont Lake Monsters : RHP Mark Clift
Batting: RHB Alejandro Carrillo 0-0: Swinging Strike
0-1: Swinging Strike
0-2: Ball
1-2: SOLO HOME RUN (Line Drive, 7D, EV 103.8 MPH), Distance : 388 ft
Batting: RHB Bill Perkins 0-0: Foul Ball, location: 2F
0-1: Ball
1-1: Foul Ball, location: 2F
1-2: Foul Ball, location: 2F
1-2: Fly out, F6 (Popup, P, EV 87.5 MPH)
Batting: RHB Roberto Aguirre 0-0: Ball
1-0: Ball
2-0: Swinging Strike
2-1: Ball
3-1: Swinging Strike
3-2: Strikes out swinging
Batting: LHB Vance Corkum 0-0: Ball
1-0: Ground out 5-3 (Groundball, 56, EV 86.2 MPH)
Bottom of the 5th over - 1 run, 1 hit, 0 errors, 0 left on base; Vermont 2 - Pawnee 3
TOP OF THE 6TH
Vermont Lake Monsters batting - Pitching for Pawnee ParksNRec : LHP Jo Yamasaki
Batting: RHB Tim O'Brian 0-0: Foul Ball, location: 2F
0-1: Ball
1-1: Ball
2-1: Foul Ball, location: 2F
2-2: Strikes out swinging
Batting: RHB Marcel Roks 0-0: Ball
1-0: Swinging Strike
1-1: Ground out 5-3 (Groundball, 5, EV 91.2 MPH)
Batting: RHB An-te-hai Qing 0-0: Swinging Strike
0-1: Ball
1-1: Swinging Strike
1-2: Foul Ball, location: 2F
1-2: Foul Ball, location: 2F
1-2: Foul Ball, location: 2F
1-2: Ball
2-2: Foul Ball, location: 2F
2-2: Foul Ball, location: 2F
2-2: Ball
3-2: Foul Ball, location: 2F
3-2: Base on Balls
Batting: LHB Tullu Amaad 0-0: Ball
1-0: Foul Ball, location: 2F
Balk!
An-te-hai Qing to second
1-1: Foul Ball, location: 2F
1-2: Ball
2-2: Foul Ball, location: 2F
2-2: Ball
3-2: Strikes out looking
Top of the 6th over - 0 runs, 0 hits, 0 errors, 1 left on base; Vermont 2 - Pawnee 3
BOTTOM OF THE 6TH
Pawnee ParksNRec batting - Pitching for Vermont Lake Monsters : RHP Mark Clift
Batting: RHB Charles Atkinson 0-0: Ball
1-0: Ball
2-0: Ball
3-0: Called Strike
3-1: SOLO HOME RUN (Flyball, 78XD, EV 93.1 MPH), Distance : 421 ft
Batting: RHB Xi-ku See-to 0-0: Swinging Strike
0-1: Ball
1-1: Ball
2-1: Ball
3-1: Fly out, F8 (Flyball, 8RM, EV 93.8 MPH)
Batting: RHB Sinclair Bothof 0-0: Foul Ball, location: 2F
0-1: Ball
1-1: Foul Ball, location: 2F
1-2: Ball
2-2: Ground out 6-3 (Groundball, 56, EV 88.1 MPH)
Batting: RHB Josh Mawdesley 0-0: Foul Ball, location: 2F
0-1: Foul Ball, location: 2F
0-2: Ball
1-2: Foul Ball, location: 2F
1-2: Ball
2-2: Foul Ball, location: 2F
2-2: Ball
3-2: Base on Balls
Batting: RHB Fletcher Megarity 0-0: Ball
1-0: Ball
2-0: Ball
3-0: Base on Balls
Josh Mawdesley to second
Batting: RHB Alejandro Carrillo 0-0: Fly out, F6 (Flyball, 5D, EV 89.4 MPH)
Bottom of the 6th over - 1 run, 1 hit, 0 errors, 2 left on base; Vermont 2 - Pawnee 4
TOP OF THE 7TH
Vermont Lake Monsters batting - Pitching for Pawnee ParksNRec : LHP Jo Yamasaki
Batting: RHB Min-tae Yi 0-0: Ground out 6-3 (Groundball, 56, EV 109.4 MPH)
Batting: LHB Kevin de Bruyne 0-0: Ball
1-0: Ball
2-0: Called Strike
2-1: DOUBLE (Line Drive, 9LS, EV 107.5 MPH)
Pitching: RHP Josip Primorac
Batting: RHB Naganori Takahashi 0-0: Ball
1-0: Called Strike
1-1: Ball
2-1: Foul Ball, location: 2F
2-2: Ball
3-2: Strikes out looking
Batting: RHB Cedric Terriquez 0-0: Ball
1-0: Swinging Strike
1-1: Called Strike
1-2: Foul Ball, location: 2F
1-2: Strikes out swinging
Top of the 7th over - 0 runs, 1 hit, 0 errors, 1 left on base; Vermont 2 - Pawnee 4
BOTTOM OF THE 7TH
Pawnee ParksNRec batting - Pitching for Vermont Lake Monsters : RHP Mark Clift
Batting: RHB Bill Perkins 0-0: Called Strike
0-1: Ball
1-1: Ball
2-1: Fly out, F9 (Flyball, 9S, EV 86.2 MPH)
Pitching: RHP António Rodríguez
Batting: RHB Roberto Aguirre 0-0: Called Strike
0-1: Swinging Strike
0-2: Strikes out swinging
Batting: LHB Vance Corkum 0-0: Ball
1-0: Ball
2-0: Ball
3-0: Base on Balls
Batting: RHB Charles Atkinson 0-0: Ball
1-0: Fly out, F9 (Flyball, 9, EV 80.6 MPH)
Bottom of the 7th over - 0 runs, 0 hits, 0 errors, 1 left on base; Vermont 2 - Pawnee 4
TOP OF THE 8TH
Vermont Lake Monsters batting - Pitching for Pawnee ParksNRec : RHP Josip Primorac
Batting: RHB Gabe Cain 0-0: SINGLE (Groundball, 6MD, EV 98.1 MPH)
Batting: RHB Tim O'Brian 0-0: Ball
1-0: Called Strike
1-1: Ball
2-1: Fly out, F7 (Flyball, 7S, EV 88.8 MPH)
Batting: RHB Marcel Roks 0-0: Swinging Strike
0-1: DOUBLE (Groundball, 5L, EV 94.4 MPH)
Gabe Cain to third
Pitching: RHP Arie de Nooyer
Batting: RHB An-te-hai Qing 0-0: Ball
1-0: Ball
2-0: Called Strike
2-1: 3-RUN HOME RUN (Flyball, 7LD, EV 99.4 MPH), Distance : 351 ft
Batting: LHB Tullu Amaad 0-0: Called Strike
0-1: Swinging Strike
0-2: Strikes out swinging
Batting: RHB Min-tae Yi 0-0: Swinging Strike
0-1: Foul Ball, location: 2F
0-2: Ball
1-2: DOUBLE (Flyball, 8RXD, EV 95.0 MPH)
Batting: LHB Kevin de Bruyne 0-0: Called Strike
0-1: Foul Ball, location: 2F
0-2: Foul Ball, location: 2F
0-2: Ground out U3 (Groundball, 34S, EV 70.0 MPH)
Top of the 8th over - 3 runs, 4 hits, 0 errors, 1 left on base; Vermont 5 - Pawnee 4
BOTTOM OF THE 8TH
Pawnee ParksNRec batting - Pitching for Vermont Lake Monsters : RHP António Rodríguez
Batting: RHB Xi-ku See-to 0-0: Swinging Strike
0-1: Foul Ball, location: 2F
0-2: Strikes out swinging
Batting: RHB Sinclair Bothof 0-0: Foul Ball, location: 2F
0-1: Foul Ball, location: 2F
0-2: Strikes out looking
Batting: RHB Josh Mawdesley 0-0: Called Strike
0-1: Swinging Strike
0-2: Ball
1-2: Ball
2-2: Ball
3-2: Ground out 6-3 (Groundball, 56, EV 81.2 MPH)
Bottom of the 8th over - 0 runs, 0 hits, 0 errors, 0 left on base; Vermont 5 - Pawnee 4
TOP OF THE 9TH
Vermont Lake Monsters batting - Pitching for Pawnee ParksNRec : RHP Arie de Nooyer
Batting: RHB Naganori Takahashi 0-0: Ball
1-0: Ball
2-0: Swinging Strike
2-1: Swinging Strike
2-2: Ball
3-2: Base on Balls
Batting: RHB Cedric Terriquez 0-0: Sac Bunt to P - play at first, batter OUT! 1-4
Naganori Takahashi to second
Batting: RHB Gabe Cain 0-0: Called Strike
0-1: Called Strike
0-2: Ball
1-2: Ball
2-2: Fly out, F6 (Popup, 6MS, EV 68.1 MPH)
Batting: RHB Tim O'Brian 0-0: Called Strike
0-1: SINGLE (Groundball, 6MD, EV 95.6 MPH)
Naganori Takahashi to third
Runner from 3rd tries for Home, SAFE, no throw by CF
Batting: RHB Marcel Roks 0-0: Ball
1-0: Fielders Choice at 2nd, 5-4 (Groundball, 56, EV 85.0 MPH)
Top of the 9th over - 1 run, 1 hit, 0 errors, 1 left on base; Vermont 6 - Pawnee 4
BOTTOM OF THE 9TH
Pawnee ParksNRec batting - Pitching for Vermont Lake Monsters : RHP António Rodríguez
Pitching: RHP René Fontaine
Batting: RHB Fletcher Megarity 0-0: Swinging Strike
0-1: Ball
1-1: Ground out 4-3 (Groundball, 4, EV 80.0 MPH)
Batting: RHB Alejandro Carrillo 0-0: DOUBLE (Groundball, 5L, EV 108.1 MPH)
Batting: RHB Bill Perkins 0-0: Ball
1-0: Called Strike
1-1: Called Strike
1-2: Foul Ball, location: 2F
1-2: DOUBLE (Flyball, 8LXD, EV 99.4 MPH)
Alejandro Carrillo scores
Pinch Hitting: RHB Ken Pittman 0-0: Ball
1-0: Called Strike
1-1: Ball
2-1: Swinging Strike
2-2: Ball
3-2: Strikes out swinging
Batting: LHB Vance Corkum 0-0: Ball
1-0: Ball
2-0: SINGLE (Line Drive, 34, EV 98.8 MPH)
Bill Perkins to third
Runner from 3rd tries for Home, throw by RF and OUT! 9-2
Bottom of the 9th over - 1 run, 3 hits, 0 errors, 1 left on base; Vermont 6 - Pawnee 5
Thursday, January 23rd, 2020 - OOTP Baseball 20.8 Build 74